 Dungeon Crawl Stone Soup version 0.25-a0-576-g50b708a4c4 (webtiles) character file.

Game seed: 16776890691146676529, levelgen mode: classic

928 EnegeticOcto the Chopper (level 7, 52/67 HPs)
             Began as a Deep Dwarf Fighter on Mar 1, 2020.
             Quit the game on level 6 of the Dungeon.
             The game lasted 00:01:32 (1141 turns).

EnegeticOcto the Chopper (Deep Dwarf Fighter)       Turns: 1141, Time: 00:01:33

Health: 52/67      AC:  2    Str: 22    XL:     7   Next: 85%
Magic:  2/2        EV:  4    Int:  8    God:
Gold:   85         SH: 10    Dex: 12    Spells: 6/6 levels left

rFire    . . .     SeeInvis .   f - -2 war axe (curse)
rCold    . . .     Gourm    .   c - +0 kite shield
rNeg     . . .     Faith    .   j - +0 plate armour
rPois    .         Spirit   .   n - +2 hat
rElec    .         Reflect  .   (no cloak)
rCorr    .         Harm     .   (no gloves)
MR       +....                  (no boots)
Stlth    ..........             (no amulet)
HPRegen  0.00/turn              (no ring)
MPRegen  0.08/turn              (no ring)

@: corroded, non-regenerating
A: damage resistance, heal wounds, sense surroundings 1, no regeneration
a: Heal Wounds


You were on level 6 of the Dungeon.
You were hungry.

You visited 1 branch of the dungeon, and saw 5 of its levels.

You collected 85 gold pieces.

Inventory:

Hand Weapons
 a - a +0 war axe
 f - a cursed -2 war axe (weapon)
Armour
 c - a +0 kite shield (worn)
 h - a +0 helmet
 j - a +0 plate armour (worn)
 n - a +2 hat (worn)
Scrolls
 d - a scroll of blinking {unknown}
 g - a scroll of identify {unknown}
 i - a scroll of amnesia {unknown}
 l - 2 scrolls of enchant weapon {unknown}
 m - a scroll of random uselessness {unknown}
Potions
 b - a potion of curing {unknown}
 k - a potion of might {@q3}
Comestibles
 e - 4 rations


   Skills:
 * Level 5.5 Fighting
 * Level 6.1 Axes
 + Level 5.1 Armour
 + Level 5.1 Shields


You had 6 spell levels left.
You didn't know any spells.
Your spell library was empty.

Dungeon Overview and Level Annotations

Branches:
Dungeon (4/15)
 Temple: D:4-7

Altars:
Beogh

Shops:
D:4 (


Innate Abilities, Weirdness & Mutations

You are resistant to damage.
You can heal yourself by infusing magical energy.
You passively map a small area around you.
You do not regenerate.


Message History

The phantom is almost destroyed.
You hit something. You hit the jelly but do no damage.
Your hands burn!
You block the jelly's attack. You block something's attack.
The phantom hits you but does no damage.
You hit the phantom but do no damage.
The phantom is almost destroyed.
You hit the jelly but do no damage.
Your hands burn!
You miss something. The jelly barely misses you. You block something's attack.
The phantom hits you. You block the jelly's attack.
You hit the phantom.
You destroy the phantom!
Your Shields skill increases to level 5!
You hit the jelly. The acid corrodes you!
Your hands burn!
You miss something. Something hits you. Something shocks you.
The jelly hits you but does no damage.
A sky beast appears from thin air!
Reactivating autopickup.
The sky beast hits you but does no damage.
You hit the sky beast but do no damage.
The sky beast is almost dead.
Your plate armour prevents you from hitting the jelly.
The jelly hits you but does no damage. You block the sky beast's attack.
You closely miss the sky beast.
The sky beast is almost dead.
You hit the jelly.
Your hands burn!
The jelly barely misses you. The sky beast hits you. The sky beast shocks you.
The jelly hits you but does no damage.
You are too injured to fight recklessly!
You are too injured to fight recklessly!
You are too injured to fight recklessly!
You are too injured to fight recklessly!
You are too injured to fight recklessly!
You are too injured to fight recklessly!
You are too injured to fight recklessly!
You are too injured to fight recklessly!
You are too injured to fight recklessly!
You are too injured to fight recklessly!
You fail to use your ability.
The sky beast flickers out of sight!
Deactivating autopickup; reactivate with Ctrl-A.
Something hits you but does no damage. You block the jelly's attack.
You hit the jelly but do no damage. The acid corrodes you!
Your hands burn!
The jelly is almost dead.
You miss something.
You are feeling hungry.
Something hits you. Something shocks you.
* * * LOW HITPOINT WARNING * * *
The jelly hits you but does no damage. Something hits you.
Something shocks you.
* * * LOW HITPOINT WARNING * * *
You hit the jelly.
You kill the jelly!
You closely miss something. Something hits you.
* * * LOW HITPOINT WARNING * * *
Something shocks you.
* * * LOW HITPOINT WARNING * * *
You feel much better. Something hits you. Something shocks you.
You are too injured to fight recklessly!
You are too injured to fight recklessly!
You are too injured to fight recklessly!
You are too injured to fight recklessly!
You are too injured to fight recklessly!
You are too injured to fight recklessly!
You are too injured to fight recklessly!
You are too injured to fight recklessly!
You feel much better.
A sky beast appears from thin air!
Reactivating autopickup.
The sky beast hits you but does no damage.
You feel much better. The sky beast barely misses you.
You hit the sky beast but do no damage.
The sky beast is almost dead.
The sky beast hits you. The sky beast shocks you.
You miss the sky beast.
The sky beast is almost dead.
The sky beast hits you. The sky beast shocks you.
You hit the sky beast but do no damage.
The sky beast is almost dead.
You block the sky beast's attack. The sky beast barely misses you.
You closely miss the sky beast.
The sky beast is almost dead.
The sky beast hits you but does no damage.
You hit the sky beast but do no damage.
The sky beast is almost dead.
You block the sky beast's attack.
You hit the sky beast but do no damage.
The sky beast is almost dead.
The sky beast hits you. The sky beast shocks you.
The sky beast completely misses you.
Your plate armour prevents you from hitting the sky beast.
The sky beast is almost dead.
You block the sky beast's attack.
You hit the sky beast.
You kill the sky beast!
Your Axes skill increases to level 6!
Your Armour skill increases to level 5!
Found a stone staircase leading down.
Found a fizzy inky potion.
A scorpion comes into view.
You see here a runed war axe.
f - a runed war axe It sticks to your hand!
f - a cursed -2 war axe (weapon)
Are you sure you want to abandon this character and quit the game? (Confirm with "yes".)

, #...............
, ,,
,#...............
, , ,,,
#†..............
,,
+..............! ,
,
*+#...............
* *
>.......######+##
* ........# , , ,,
.........#,,
,........@#, , +
........# + , ,
........# * * , ,
###.....# , , ,
#....s# , * ,
,#.....# ,, , *
#.....#,, *
#.....# * ,,,


You could see a scorpion.

Vanquished Creatures
  Sigmund (D:3)
  The ghost of Flugslaktarn the Shield-Bearer, an amateur DDFi (D:4)
  A sky beast (D:6)
  2 phantoms (D:6)
  A hound (D:4)
  A jelly (D:6)
  An orc priest (D:4)
  2 orc wizards (D:3)
  A worker ant (D:3)
  Natasha (twice) (D:3)
  A hound zombie (D:6)
  Robin (D:3)
  3 gnolls (D:4)
  An adder (D:2)
  A leopard gecko (D:3)
  19 orcs
  2 giant cockroaches
  10 goblins
  7 hobgoblins
  5 jackals
  2 quokkas (D:4)
  5 bats
  3 frilled lizards
  4 kobolds
  A leopard gecko skeleton (D:4)
  3 rats
81 creatures vanquished.

Notes
Turn   | Place    | Note
-------+----------+-------------------------------------------
     0 | D:1      | EnegeticOcto the Deep Dwarf Fighter began the quest for the
                  | Orb.
     0 | D:1      | Reached XP level 1. HP: 20/20 MP: 1/1
    59 | D:2      | Reached XP level 2. HP: 20/27 MP: 2/2
   160 | D:2      | Reached XP level 3. HP: 34/34 MP: 3/3
   218 | D:3      | Noticed Robin
   221 | D:3      | Reached skill level 3 in Axes
   233 | D:3      | Killed Robin
   277 | D:3      | Noticed Natasha
   290 | D:3      | Killed Natasha
   290 | D:3      | Reached XP level 4. HP: 37/42 MP: 4/4
   293 | D:3      | Noticed Natasha
   308 | D:3      | Killed Natasha
   308 | D:3      | Noticed Sigmund
   312 | D:3      | Reached XP level 5. HP: 41/50 MP: 5/5
   320 | D:3      | Reached skill level 4 in Axes
   333 | D:3      | Killed Sigmund
   333 | D:3      | Reached XP level 6. HP: 38/57 MP: 5/5
   685 | D:4      | Found a runed translucent gate.
   685 | D:4      | Noticed Flugslaktarn's ghost (amateur DDFi)
   686 | D:4      | Identified the cursed +1 chain mail "Tubbieq" {Int+2}
   702 | D:4      | Found a runed translucent gate.
   705 | D:4      | Found a runed translucent gate.
   821 | D:4      | Found a roughly hewn altar of Beogh.
   829 | D:4      | Reached skill level 5 in Axes
   859 | D:4      | Killed Flugslaktarn's ghost
   859 | D:4      | Reached XP level 7. HP: 58/66 MP: 2/2
   962 | D:4      | Found Ygonuk's Weapon Shop.
  1058 | D:4      | You fall into a shaft and drop 2 floors!
  1069 | D:6      | Reached skill level 5 in Fighting
  1109 | D:6      | Reached skill level 5 in Shields
  1125 | D:6      | Reached skill level 6 in Axes
  1125 | D:6      | Reached skill level 5 in Armour
  1141 | D:6      | Quit the game

Levels and vault maps discovered:
D:1:      dpeg_arrival_tiny_f, layout_basic
D:2:      layout_basic, lemuel_crystal_altar, minmay_split_cup_small
D:3:      layout_basic, first_ration, palyth_stone_intersect, uniq_sigmund,
          uniq_natasha, uniq_robin
D:4:      layout_layer_cave, serial_shops, nicolae_shop_trees,
          biasface_ghost_orc_armoury, minivault_27
D:6:      layout_gridville, kennysheep_mini, fedhas_altar_decomposition

Skill      XL: |  1  2  3  4  5  6  7 |
---------------+----------------------+-----
Fighting       | 3 4 5 |  5.5
Axes           | 3 4 5 6 |  6.1
Shields        | 4 5 |  5.1
Armour         | 4 5 |  5.1

Action                   |  1- 3 |  4- 6 |  7- 9 || total
-------------------------+-------+-------+-------++-------
Melee: War axe           |    70 |   129 |    56 ||   255
 Abil: Heal Wounds       |     3 |    13 |     4 ||    20
  Eat: Chunk             |       |       |     1 ||     1
Armor: Scale mail        |    54 |    42 |       ||    96
       Plate armour      |       |    67 |    63 ||   130
Dodge: Dodged            |    44 |    57 |    15 ||   116
Block: Kite shield       |    56 |   120 |    32 ||   208

Table legend:
 A = Non-vault XP
 B = Vault XP
 C = Vault XP percentage of total XP
 D = Non-vault monster count
 E = Vault monster count
 F = Vault count percentage of total count
                 A         B        C        D         E       F
            +---------+---------+-------+---------+---------+-------
      Total |     762 |     565 |  42.6 |      55 |      26 |  32.1
            +---------+---------+-------+---------+---------+-------
        D:1 |       6 |       0 |   0.0 |       4 |       0 |   0.0
        D:2 |      32 |       5 |  13.5 |      12 |       3 |  20.0
        D:3 |     181 |     291 |  61.7 |      19 |      14 |  42.4
        D:4 |     110 |     269 |  71.0 |      14 |       9 |  39.1
        D:6 |     433 |       0 |   0.0 |       6 |       0 |   0.0
            +---------+---------+-------+---------+---------+-------
